 Dungeon Crawl Stone Soup version 0.18-a0-1784-ga939a68 (webtiles) character file.

64 Duffy the Sneak (level 4, 44/44 HPs)
             Began as a Naga Assassin on Apr 18, 2016.
             Was a Follower of Vehumet.
             Quit the game on level 2 of the Dungeon.
             The game lasted 00:01:25 (1513 turns).

Duffy the Sneak (Naga Assassin)                     Turns: 1513, Time: 00:01:26

Health: 44/44      AC:  4    Str: 14    XL:     4   Next: 12%
Magic:  4/4        EV:  9    Int: 12    God:    Vehumet [*.....]
Gold:   71         SH:  0    Dex: 12    Spells: 0 memorised, 3 levels left

rFire  . . .     SeeInvis +     o - +0 short sword (freeze)
rCold  . . .     Gourm    .     c - +0 robe
rNeg   . . .     Faith    .     (no shield)
rPois  +         Spirit   .     q - +0 helmet
rElec  .         Dismiss  .     d - +0 cloak
rCorr  .         Reflect  .     (no gloves)
SustAt .         Harm     .     (no barding)
MR     .....                    u - amulet of magic regeneration
Stlth  +++.......               w - ring of wizardry
                                n - ring of flight

@: very slow, not resistant to hostile enchantments, fairly stealthy
A: see invisible, deformed body, poison resistance, slowness 2, slow metabolism
1, spit poison 2, AC +1
a: Spit Poison, Renounce Religion, Evoke Flight


You were on level 2 of the Dungeon.
You worshipped Vehumet.
Vehumet was aware of your devotion.
You were not hungry.

You visited 1 branch of the dungeon, and saw 2 of its levels.

You collected 71 gold pieces.


Innate Abilities, Weirdness & Mutations

You cannot wear boots.
Your serpentine skin is tough (AC +1).
You have supernaturally acute eyesight.
Armour fits poorly on your strangely shaped body.
Your system is resistant to poisons.
You cover ground very slowly.
You have a slow metabolism.
You can spit poison.


   Skills:
 + Level 4.1 Fighting
 - Level 2.0 Short Blades
 - Level 2.0 Throwing
 - Level 0.8 Dodging
 - Level 5.8 Stealth


You had 3 spell levels left.
You didn't know any spells.

Inventory:

Hand Weapons
 a - a +2 dagger
 b - a +0 blowgun
 o - a +0 short sword of freezing (weapon)
Missiles
 e - 26 poisoned needles
 f - 2 curare-tipped needles
Armour
 c - a +0 robe (worn)
 d - a +0 cloak (worn)
 l - a +0 plate armour
 q - a +0 helmet (worn)
Jewellery
 n - a ring of flight (left hand)
 u - an amulet of magic regeneration (around neck)
 w - a ring of wizardry (right hand)
Scrolls
 j - a scroll of identify {unknown}
 v - a scroll of fog {unknown}
Potions
 h - a potion of beneficial mutation {unknown}
 i - 3 potions of flight {unknown}
 p - a potion of brilliance {unknown}
 s - a potion of haste {unknown}
Comestibles
 g - a bread ration
 k - 3 fruits
 m - a meat ration
 r - a chunk of flesh
 t - a beef jerky

Dungeon Overview and Level Annotations

Branches:
Dungeon (2/15)

Altars:
Vehumet


Message History

The helpless worm fails to defend itself.
You puncture the worm! You freeze the worm.
The worm is almost dead.
The worm bites you.
You hit the worm. You freeze the worm.
You kill the worm!
No target in view!
No target in view!
No target in view!
No target in view!
No target in view!
No target in view!
No target in view!
No target in view!
No target in view!
No target in view!
No target in view!
No target in view!
No target in view!
No target in view!
No target in view!
No target in view!
No target in view!
w - an encrusted marble ring Put on which piece of jewellery? (? for menu, Esc to quit)
w - a ring of wizardry (right hand)
There is a faded altar to an unknown god here.
This altar will convert you to a god.
You cannot discern which.
Do you pray? Vehumet accepts your prayer! Vehumet welcomes you!
You can now gain magical power from killing.
Vehumet offers you knowledge of Shock.
HP restored.
Found a leather armour.
Are you sure you want to abandon this character and quit the game? (Confirm with "yes".)

#.............##
#.............#
###.............#
..#.............# ##
..#.............+ ..[
..#.............# ....
...##..#######'###......
.......# #.###...... ...#...#
####..@....... ..#_#.##
#...........##
...#..#####.###.......#######
.............##.<...........#
#............##.............#
#............##.............#
#............##.........))..#
#............##.............#
#............##.............#


There were no monsters in sight!

Action                   |  1- 3 |  4- 6 || total
-------------------------+-------+-------++-------
Melee: Dagger            |    70 |       ||    70
       Short sword       |    23 |     7 ||    30
 Abil: Spit Poison       |     5 |       ||     5
 Stab: Sleeping          |     4 |     3 ||     7
  Eat: Chunk             |       |     1 ||     1
Armor: Robe              |    28 |     1 ||    29
Dodge: Dodged            |    48 |       ||    48

Notes
Turn   | Place    | Note
--------------------------------------------------------------
     0 | D:1      | Duffy the Naga Assassin began the quest for the Orb.
     0 | D:1      | Reached XP level 1. HP: 19/19 MP: 1/1
   103 | D:1      | Reached skill level 2 in Throwing
   250 | D:1      | Reached XP level 2. HP: 27/27 MP: 2/2
   577 | D:1      | Reached skill level 3 in Fighting
   589 | D:1      | Reached XP level 3. HP: 26/34 MP: 3/3
  1203 | D:2      | Noticed Ijyb
  1220 | D:2      | Killed Ijyb
  1220 | D:2      | Reached skill level 4 in Fighting
  1220 | D:2      | Reached XP level 4. HP: 22/44 MP: 4/4
  1459 | D:2      | Found a faded altar to an unknown god.
  1489 | D:2      | Became a worshipper of Vehumet
  1489 | D:2      | Reached * piety under Vehumet
  1489 | D:2      | Offered knowledge of Shock by Vehumet.
  1513 | D:2      | Quit the game

Vault maps used:
D:1:      onia_arrival_pyramid
D:2:      ecumenical_altar_1, uniq_iyjb

Vanquished Creatures
  Ijyb
  An ooze
  A worm
  A dart slug
  5 bats
  3 giant cockroaches
  A goblin
  4 hobgoblins
  3 giant newts
  7 kobolds
  3 rats
30 creatures vanquished.
